 Dungeon Sprint DCSS version 0.17-a0-1636-g3119f2b (webtiles) character file.

7557 Kidiri the Unseen (level 10, 0/44 HPs)
             Began as a Spriggan Enchanter on Aug 6, 2015.
             Was a Priest of Dithmenos.
             Succumbed to a death drake's dark miasma
             ... in the Dungeon (Sprint II: "The Violet Keep of Menkaure").
             The game lasted 00:20:53 (2074 turns).

Kidiri the Unseen (Spriggan Enchanter)              Turns: 2074, Time: 00:20:53

Health: 0/44       AC:  2    Str:  4    XL:     10   Next: 96%
Magic:  0/29       EV: 33    Int: 18    God:    Dithmenos [***...]
Gold:   436        SH:  0    Dex: 19    Spells: 11 memorised, 4 levels left

rFire  + + .     SeeInvis +     a - +2 dagger
rCold  + . .     Clarity  .     p - +0 robe {rF+}
rNeg   . . .     SustAt   .     (shield restricted)
rPois  +         Gourm    .     (helmet restricted)
rElec  +         Spirit   .     (no cloak)
rCorr  +         Warding  .     (gloves unavailable)
rMut   +         NoTele   +     (boots unavailable)
MR     +....                    i - amulet of resist mutation
Stlth  ++++++++++               (no ring)
                                (no ring)

@: lethally poisoned (0 -> -27), resistant, very slightly contaminated, wreathed
by umbra, very quick, somewhat resistant to hostile enchantments, uncannily
stealthy
A: unfitting armour, see invisible, herbivore 3, speed 3, slow metabolism 2
a: Shadow Step, Renounce Religion


You were in the Dungeon.
You worshipped Dithmenos.
Dithmenos was most pleased with you.
You were not hungry.

You visited 1 branch You collected 1389 gold pieces.
You spent 953 gold pieces at shops.

Inventory:

Hand weapons
 a - a +2 dagger (weapon)
Armour
 b - a +1 robe
 p - a +0 robe of fire resistance (worn)
Jewellery
 i - an amulet of resist mutation (around neck)
Scrolls
 n - a scroll of fog
 s - a scroll of amnesia
 t - 3 scrolls of remove curse {unknown}
 u - a scroll of immolation {unknown}
 v - a scroll of random uselessness {unknown}
 w - 2 scrolls of recharging {unknown}
Potions
 g - 2 potions of haste
 h - 5 potions of magic
 k - a potion of might
 m - 3 potions of flight
 o - a potion of ambrosia
 r - 2 potions of resistance
Books
 l - a book of Power

   Spells                             Type                      Level
   a - Fulminant Prism                Conjuration/Hexes            4
   b - Iskenderun's Mystic Blast      Conjuration                  4
   c - Venom Bolt                     Conjuration/Poison           5
   d - Bolt of Magma                  Conjuration/Fire/Earth       5
   e - Iron Shot                      Conjuration/Earth            6
   f - Orb of Destruction             Conjuration                  7
   g - Spellforged Servitor           Conjuration/Summoning        7
Comestibles
 c - a slice of pizza
 d - 5 bread rations


   Skills:
 + Level 9.3 Short Blades
 * Level 16.1 Dodging
 * Level 17.7 Stealth
 * Level 14.0 Spellcasting
 + Level 5.3 Conjurations
 + Level 10.6 Hexes
 + Level 6.3 Translocations
 + Level 5.8 Ice Magic
 + Level 3.8 Earth Magic
 + Level 3.9 Invocations


You had 4 spell levels left.
You knew the following spells:

 Your Spells              Type           Power        Failure   Level  Hunger
a - Corona                Hex            ######.      1%          1    None
b - Ensorcelled Hibernat  Hex/Ice        #####.       1%          2    None
c - Confuse               Hex            ######..     1%          3    None
d - Tukima's Dance        Hex            ######..     1%          3    None
e - Dazzling Spray        Conj/Hex       #####...     1%          3    None
f - Slow                  Hex            ######..     1%          2    None
g - Cause Fear            Hex            ######....   1%          4    None
h - Gell's Gravitas       Hex/Tloc       #####.....   1%          3    None
i - Leda's Liquefaction   Hex/Erth       #####.....   2%          4    None
j - Fulminant Prism       Conj/Hex       #####.....   1%          4    None
k - Iskenderun's Mystic   Conj           ####....     8%          4    None


Dungeon Overview and Level Annotations

Branches:
Dungeon (1/1)

Altars:
Cheibriados
Dithmenos
Elyvilon
Fedhas
Gozag
Kikubaaqudgha
Makhleb
Nemelex Xobeh
Okawaru
Qazlal
Ru
Sif Muna
Trog
Vehumet
Xom
Yredelemnul
Zin
The Shining One
Beogh
Jiyva
Lugonu

Shops:
D =::=([[[%!}!(?((

Annotations:
D exclusions: obsidian statue, oklob plant and orange crystal statue


Innate Abilities, Weirdness & Mutations

You are tiny and cannot use many weapons and most armour.
You have supernaturally acute eyesight.
You are a herbivore.
You cover ground extremely quickly.
You need consume almost no food.


Message History

You feel sick. The death drake completely misses you.
The death drake completely misses you.
Casting: Iskenderun's Mystic Blast
Confirm with . or Enter, or press ? or * to list all spells.
Aiming: Iskenderun's Mystic Blast
Press: ? - help, Shift-Dir - straight line, f/p - death drake
Aim: a death drake (lightly wounded, catching its breath, umbra)
The orb of energy misses the death drake.
* * * LOW HITPOINT WARNING * * *
You feel very sick. The death drake barely misses you.
Casting: Iskenderun's Mystic Blast
Confirm with . or Enter, or press ? or * to list all spells.
Aiming: Iskenderun's Mystic Blast
Press: ? - help, Shift-Dir - straight line, f/p - death drake
Aim: a death drake (lightly wounded, catching its breath, umbra)
The orb of energy hits the death drake.
The death drake is moderately wounded.
The orb of energy explodes!
You die...

#§§.▓≈≈≈§§§§≈▓▓ ..
##§[▓▓▓▓▓▓▓▓▓▓▓ ..
.#\:▓(..)....▓▓ #.
.#}:▓.......)▓▓
+.##.#[}▓....(...▓▓
...####▓((..[..[▓▓
####..##.#▓...)..((▓▓
#.?†kk#..#▓[[....[)▓▓ #
#..#..#▓.....@§.▓▓
####k§##.#▓.[%..k[.▓▓
..###...##▓▓▓▓▓▓▓'▓▓▓▓+▓
.)..≈≈≈≈≈≈≈≈≈≈≈≈≈...≈≈≈▓
....≈#'########+###.≈.≈▓
≈≈..≈#_._._...#≈≈§##≈≈≈▓
≈≈≈≈≈#._._._..#§§§≈####▓▓
≈≈≈≈≈#_._._._.#≈§§§§##..#
§≈§≈≈#._._._._#§≈≈§§≈#..#


You could see a death drake.

Vanquished Creatures
  A kraken (D)
  A fire dragon (D)
  A death drake (D)
  2 deep trolls (D)
  A yaktaur (D)
  3 polar bears (D)
  2 boulder beetles (D)
  Menkaure (D)
  4 necrophages (D)
  A wasp (D)
  4 brain worms (D)
  4 crocodiles (D)
  A hell rat (D)
  4 worker ants (D)
30 creatures vanquished.

Vanquished Creatures (others)
  A kraken (D)
  A flying skull (D)
  2 fulminant prisms (D)
  32 tentacles (D)
  838 tentacle segments (D)
874 creatures vanquished.

Grand Total: 904 creatures vanquished

Notes
Turn   | Place    | Note
--------------------------------------------------------------
     0 | D        | Kidiri the Spriggan Enchanter began the quest for the Orb.
     0 | D        | Reached XP level 1. HP: 9/9 MP: 5/5
     1 | D        | Noticed a brain worm
     5 | D        | Noticed a necrophage
     5 | D        | Noticed a necrophage
     5 | D        | Noticed a necrophage
     5 | D        | Noticed a necrophage
    11 | D        | Killed a necrophage
    11 | D        | Reached skill level 6 in Dodging
    11 | D        | Reached skill level 8 in Stealth
    11 | D        | Reached skill level 5 in Spellcasting
    11 | D        | Reached skill level 5 in Hexes
    11 | D        | Reached XP level 2. HP: 13/13 MP: 5/9
    11 | D        | Reached XP level 3. HP: 16/16 MP: 6/11
    11 | D        | Reached XP level 4. HP: 21/21 MP: 6/12
    17 | D        | Killed a necrophage
    17 | D        | Reached skill level 9 in Stealth
    17 | D        | Reached XP level 5. HP: 24/24 MP: 6/15
    21 | D        | Killed a necrophage
    21 | D        | Reached skill level 10 in Stealth
    25 | D        | Killed a necrophage
    25 | D        | Reached skill level 5 in Short Blades
    25 | D        | Reached skill level 10 in Dodging
    25 | D        | Reached skill level 11 in Stealth
    25 | D        | Reached XP level 6. HP: 28/28 MP: 7/18
    41 | D        | Learned a level 2 spell: Ensorcelled Hibernation
    45 | D        | Learned a level 3 spell: Confuse
    49 | D        | Learned a level 3 spell: Tukima's Dance
    53 | D        | Learned a level 3 spell: Dazzling Spray
    87 | D        | Noticed a boulder beetle
    87 | D        | Noticed a boulder beetle
    91 | D        | Noticed a worker ant
    91 | D        | Noticed a worker ant
    94 | D        | Killed a worker ant
    95 | D        | Noticed a worker ant
    95 | D        | Noticed a worker ant
    96 | D        | Killed a worker ant
    98 | D        | Killed a worker ant
    98 | D        | Reached skill level 1 in Ice Magic
   101 | D        | Killed a worker ant
   101 | D        | Reached skill level 1 in Conjurations
   118 | D        | Killed a brain worm
   119 | D        | Noticed a brain worm
   120 | D        | Killed a brain worm
   120 | D        | Reached skill level 12 in Stealth
   120 | D        | Reached XP level 7. HP: 32/32 MP: 18/20
   122 | D        | Noticed a brain worm
   122 | D        | Noticed a brain worm
   125 | D        | Killed a brain worm
   127 | D        | Killed a brain worm
   146 | D        | Killed a boulder beetle
   146 | D        | Reached skill level 13 in Stealth
   146 | D        | Reached skill level 10 in Spellcasting
   149 | D        | Killed a boulder beetle
   149 | D        | Reached XP level 8. HP: 36/36 MP: 21/23
   168 | D        | Noticed an electric eel
   168 | D        | Noticed an electric eel
   169 | D        | Noticed an electric eel
   169 | D        | Noticed an electric eel
   169 | D        | Noticed an electric eel
   170 | D        | Noticed an electric eel
   170 | D        | Noticed an electric eel
   170 | D        | Noticed an electric eel
   170 | D        | Noticed an electric eel
   170 | D        | Noticed a kraken
   192 | D        | Killed a kraken
   192 | D        | Reached skill level 14 in Dodging
   192 | D        | Reached skill level 15 in Stealth
   192 | D        | Reached XP level 9. HP: 39/39 MP: 10/26
   279 | D        | Found Binunaos's Magic Scroll Emporium.
   279 | D        | Found Hupnorime's Weapon Emporium.
   279 | D        | Found Fuithraps's Distillery.
   279 | D        | Found Durang's Antique Weapon Shoppe.
   279 | D        | Found Tiaxzid's Weapon Shoppe.
   279 | D        | Found Xozxetycw's Food Emporium.
   279 | D        | Found Mihegiokesi's Distillery.
   279 | D        | Found Xurghali's Antique Armour Shoppe.
   294 | D        | Noticed an orange crystal statue
   302 | D        | Noticed a hell rat
   304 | D        | Killed a hell rat
   309 | D        | Found Afiffeah's Gadget Emporium.
   332 | D        | Found Vuubiw's Antique Armour Emporium.
   332 | D        | Found Rereis's Armour Shoppe.
   333 | D        | Found Zimpiv's Weapon Shoppe.
   337 | D        | Found Ysiumnos's Jewellery Shoppe.
   337 | D        | Found Xoimnauq's Book Emporium.
   337 | D        | Noticed an oklob plant
   338 | D        | Found Ibunesin's Jewellery Shoppe.
   338 | D        | Found Funeaxox's Book Shoppe.
   340 | D        | Noticed a soldier ant
   340 | D        | Noticed a soldier ant
   341 | D        | Noticed a soldier ant
   344 | D        | Noticed a hell hog
   345 | D        | Noticed a hell hog
   370 | D        | Bought a book of Debilitation for 440 gold pieces
   373 | D        | Learned a level 2 spell: Slow
   378 | D        | Learned a level 4 spell: Cause Fear
   382 | D        | Learned a level 3 spell: Gell's Gravitas
   387 | D        | Learned a level 4 spell: Leda's Liquefaction
   391 | D        | Bought a book of Power for 495 gold pieces
   396 | D        | Learned a level 4 spell: Fulminant Prism
   430 | D        | Noticed a kraken
   431 | D        | Noticed a crocodile
   434 | D        | Killed a crocodile
   443 | D        | Found a glowing silver altar of Zin.
   443 | D        | Found a viscous altar of Jiyva.
   444 | D        | Found a basalt altar of Yredelemnul.
   444 | D        | Found an ancient bone altar of Kikubaaqudgha.
   445 | D        | Found a glowing golden altar of the Shining One.
   445 | D        | Found a snail-covered altar of Cheibriados.
   445 | D        | Found a burning altar of Makhleb.
   452 | D        | Noticed a polar bear
   454 | D        | Noticed a polar bear
   456 | D        | Noticed a yaktaur
   456 | D        | Found an iron altar of Okawaru.
   456 | D        | Found a shimmering altar of Xom.
   456 | D        | Found a bloodstained altar of Trog.
   458 | D        | Noticed a wasp
   603 | D        | Killed a polar bear
   603 | D        | Reached skill level 1 in Translocations
   609 | D        | Killed a yaktaur
   609 | D        | Reached skill level 1 in Earth Magic
   627 | D        | Killed a polar bear
   723 | D        | Noticed a polar bear
   724 | D        | Found a sacrificial altar of Ru.
   724 | D        | Found a white marble altar of Elyvilon.
   724 | D        | Found a sparkling altar of Nemelex Xobeh.
   727 | D        | Found a deep blue altar of Sif Muna.
   727 | D        | Found a roughly hewn altar of Beogh.
   727 | D        | Found an opulent altar of Gozag.
   730 | D        | Found a stormy altar of Qazlal.
   730 | D        | Found a radiant altar of Vehumet.
   731 | D        | Found a corrupted altar of Lugonu.
   731 | D        | Found a blossoming altar of Fedhas.
   731 | D        | Found a shadowy altar of Dithmenos.
   746 | D        | Noticed a flying skull
   748 | D        | Became a worshipper of Dithmenos the Shadowed
   769 | D        | Noticed a crocodile
   774 | D        | Noticed a crocodile
   847 | D        | Noticed a flying skull
   852 | D        | Noticed a flying skull
   876 | D        | Noticed a flying skull
   885 | D        | Noticed a crocodile
   904 | D        | Noticed an obsidian statue
   916 | D        | Killed a wasp
   946 | D        | Killed a polar bear
   946 | D        | Reached skill level 16 in Stealth
  1005 | D        | Killed a flying skull
  1011 | D        | Learned a level 4 spell: Iskenderun's Mystic Blast
  1334 | D        | Noticed Menkaure
  1335 | D        | Killed Menkaure
  1335 | D        | Reached skill level 1 in Invocations
  1483 | D        | Killed a crocodile
  1498 | D        | Killed a crocodile
  1516 | D        | Killed a crocodile
  1516 | D        | Acquired Dithmenos's first power
  1591 | D        | Noticed a deep troll
  1595 | D        | Noticed a deep troll
  1601 | D        | Killed a deep troll
  1601 | D        | Reached skill level 5 in Ice Magic
  1601 | D        | Reached XP level 10. HP: 36/44 MP: 11/28
  1602 | D        | Killed a deep troll
  1602 | D        | Reached skill level 15 in Dodging
  1602 | D        | Reached skill level 10 in Hexes
  1739 | D        | Killed a kraken
  1739 | D        | Reached skill level 17 in Stealth
  1739 | D        | Reached skill level 5 in Conjurations
  1739 | D        | Reached skill level 5 in Translocations
  1968 | D        | Bought a glowing robe for 18 gold pieces
  2032 | D        | Noticed a death drake
  2032 | D        | Noticed a swamp drake
  2035 | D        | Noticed a fire dragon
  2036 | D        | Noticed a crystal guardian
  2036 | D        | Noticed a swamp drake
  2040 | D        | Noticed a death drake
  2040 | D        | Killed a fire dragon
  2044 | D        | Killed a death drake
  2044 | D        | Acquired Dithmenos's second power
  2045 | D        | HP: 1/44 [crystal guardian (32)]
  2062 | D        | HP: 2/43 [death drake (5)]
  2073 | D        | HP: 1/44 [poisoned by a death drake (dark miasma)]
  2074 | D        | Succumbed to a death drake's dark miasma

Vault maps used:
D:        the_violet_keep_of_menkaure

Action                   |  1- 3 |  4- 6 |  7- 9 | 10-12 || total
-------------------------+-------+-------+-------+-------++-------
Melee: Dagger            |     4 |    18 |    36 |    14 ||    72
 Cast: Ensorcelled Hiber |       |     1 |    13 |     6 ||    20
       Dazzling Spray    |       |       |    14 |     3 ||    17
       Confuse           |       |       |    12 |     7 ||    19
       Gell's Gravitas   |       |       |     2 |       ||     2
       Iskenderun's Myst |       |       |     1 |     3 ||     4
       Fulminant Prism   |       |       |     1 |     1 ||     2
  Use: Potion            |     1 |       |       |     8 ||     9
       Scroll            |       |       |     8 |     1 ||     9
 Stab: Sleeping          |       |     6 |    10 |     2 ||    18
       Invisible         |       |       |     4 |       ||     4
       Confused          |       |       |     4 |     5 ||     9
